| TOP OF THE 1ST |
|
Memphis Blues batting - Pitching for Albuquerque Dukes : RHP Rob Mendoza
|
|
Pitching: RHP Rob Mendoza
|
|
|
Batting: LHB Mike Patterson
|
0-0: Fly out, F3 (Line Drive, 3, EV 61.9 MPH)
|
|
Batting: RHB Jim Pankovits
|
0-0: Called Strike 0-1: Ball 1-1: Swinging Strike 1-2: Ball 2-2: Foul Ball, location: 2F 2-2: Ball 3-2: Base on Balls
|
|
Batting: RHB Randy Filkins
|
0-0: Called Strike 0-1: Called Strike 0-2: Fly out, F9 (Flyball, 89D, EV 85.0 MPH)
|
|
Batting: SHB Jerry Lane
|
0-0: Ball 1-0: Swinging Strike 1-1: Ball 2-1: Swinging Strike 2-2: Strikes out swinging
|
| Top of the 1st over - 0 runs, 0 hits, 0 errors, 1 left on base; Memphis 0 - Albuquerque 0 |
| BOTTOM OF THE 1ST |
|
Albuquerque Dukes batting - Pitching for Memphis Blues : RHP Salvador Flores
|
|
Pitching: RHP Salvador Flores
|
|
|
Batting: RHB Aaron Cain
|
0-0: DOUBLE (Flyball, 8LXD, EV 111.3 MPH)
|
|
Batting: LHB Glenn Partridge
|
0-0: Called Strike 0-1: Ball 1-1: Fly out, F4 (Line Drive, 4, EV 63.8 MPH)
|
|
Batting: SHB Howard Johnson
|
0-0: Called Strike 0-1: Ball 1-1: Ball 2-1: Ball 3-1: Base on Balls
|
|
Batting: RHB Bill Schroeder
|
0-0: SINGLE (Groundball, 25, EV 71.3 MPH) (infield hit) Aaron Cain to third Howard Johnson to second
|
|
Batting: LHB Sid Bream
|
0-0: Ball 1-0: Foul Ball, location: 2F 1-1: Swinging Strike 1-2: Foul Ball, location: 2F 1-2: TRIPLE (Line Drive, 89XD, EV 105.0 MPH) Aaron Cain scores Howard Johnson scores Bill Schroeder scores
|
|
Batting: RHB John Hanley
|
0-0: Called Strike 0-1: Ball 1-1: Swinging Strike 1-2: Ball 2-2: Strikes out looking
|
|
Batting: LHB Joseph Lentsch
|
0-0: Swinging Strike 0-1: Swinging Strike 0-2: Ball 1-2: Strikes out swinging
|
| Bottom of the 1st over - 3 runs, 3 hits, 0 errors, 1 left on base; Memphis 0 - Albuquerque 3 |
| TOP OF THE 2ND |
|
Memphis Blues batting - Pitching for Albuquerque Dukes : RHP Rob Mendoza
|
|
Batting: LHB Doug Frobel
|
0-0: Ball 1-0: Foul Ball, location: 2F 1-1: Ball 2-1: Swinging Strike 2-2: Ball 3-2: Foul Ball, location: 2F 3-2: Ground out 4-3 (Groundball, 4, EV 103.8 MPH)
|
|
Batting: LHB Don Jacoby
|
0-0: Ball 1-0: Called Strike 1-1: Foul Ball, location: 2F 1-2: Ball 2-2: Strikes out swinging
|
|
Batting: LHB David Christianson
|
0-0: Ball 1-0: Foul Ball, location: 2F 1-1: Ball 2-1: Ball 3-1: Foul Ball, location: 2F 3-2: Fly out, F8 (Flyball, 8RD, EV 98.1 MPH)
|
| Top of the 2nd over - 0 runs, 0 hits, 0 errors, 0 left on base; Memphis 0 - Albuquerque 3 |
| BOTTOM OF THE 2ND |
|
Albuquerque Dukes batting - Pitching for Memphis Blues : RHP Salvador Flores
|
|
Batting: RHB Matthew Tyner
|
0-0: Ball 1-0: Called Strike 1-1: Ball 2-1: SINGLE (Line Drive, 3D, EV 96.3 MPH)
|
|
Batting: LHB Andres Romero
|
0-0: Ball 1-0: Ball 2-0: Foul Ball, location: 2F 2-1: Swinging Strike 2-2: Fly out, F7 (Flyball, 7, EV 88.1 MPH)
|
|
Batting: RHB Aaron Cain
|
0-0: Called Strike 0-1: Fly out, F8 (Flyball, 8LS, EV 75.6 MPH)
|
|
Batting: LHB Glenn Partridge
|
0-0: Foul Ball, location: 2F 0-1: Ball 1-1: Ball 2-1: Ball 3-1: Fly out, F8 (Flyball, 8LM, EV 81.3 MPH)
|
| Bottom of the 2nd over - 0 runs, 1 hit, 0 errors, 1 left on base; Memphis 0 - Albuquerque 3 |
| TOP OF THE 3RD |
|
Memphis Blues batting - Pitching for Albuquerque Dukes : RHP Rob Mendoza
|
|
Batting: RHB Steve Liddle
|
0-0: Ball 1-0: Ball 2-0: Ground out 1-3 (Groundball, 13S, EV 71.9 MPH)
|
|
Batting: RHB William Muth
|
0-0: Called Strike 0-1: Foul Ball, location: 2F 0-2: Ball 1-2: Foul Ball, location: 2F 1-2: Ball 2-2: Fly out, F8 (Flyball, 8RM, EV 86.9 MPH)
|
|
Batting: LHB Mike Patterson
|
0-0: Ball 1-0: Fly out, F4 (Flyball, 4MD, EV 91.3 MPH)
|
| Top of the 3rd over - 0 runs, 0 hits, 0 errors, 0 left on base; Memphis 0 - Albuquerque 3 |
| BOTTOM OF THE 3RD |
|
Albuquerque Dukes batting - Pitching for Memphis Blues : RHP Salvador Flores
|
|
Batting: SHB Howard Johnson
|
0-0: Called Strike 0-1: Ball 1-1: DOUBLE (Line Drive, 78D, EV 108.8 MPH)
|
|
Batting: RHB Bill Schroeder
|
0-0: Ball 1-0: Ball 2-0: SINGLE (Groundball, 34D, EV 108.8 MPH) Howard Johnson to third Runner from 3rd tries for Home, SAFE, no throw by RF
|
|
Batting: LHB Sid Bream
|
0-0: Ball 1-0: Ball 2-0: Called Strike 2-1: Foul Ball, location: 2F 2-2: Ball 3-2: Foul Ball, location: 2F 3-2: Base on Balls Bill Schroeder to second
|
|
Batting: RHB John Hanley
|
0-0: Ball 1-0: Swinging Strike 1-1: Swinging Strike 1-2: Ball 2-2: Strikes out swinging
|
|
Batting: LHB Joseph Lentsch
|
0-0: Ball 1-0: Called Strike 1-1: Foul Ball, location: 2F 1-2: Foul Ball, location: 2F 1-2: Ball 2-2: Foul Ball, location: 2F 2-2: Foul Ball, location: 2F 2-2: Fly out, F5 (Popup, 5L, EV 63.1 MPH)
|
|
Batting: RHB Matthew Tyner
|
0-0: Called Strike 0-1: Ball 1-1: Ball 2-1: 3-RUN HOME RUN (Flyball, 7D, EV 100.0 MPH), Distance : 366 ft
|
|
Pitching: RHP Mike Boddicker
|
|
|
Batting: LHB Andres Romero
|
0-0: Fly out, F7 (Flyball, 78S, EV 86.3 MPH)
|
| Bottom of the 3rd over - 4 runs, 3 hits, 0 errors, 0 left on base; Memphis 0 - Albuquerque 7 |
| TOP OF THE 4TH |
|
Memphis Blues batting - Pitching for Albuquerque Dukes : RHP Rob Mendoza
|
|
Batting: RHB Jim Pankovits
|
0-0: Called Strike 0-1: Ground out 4-3 (Groundball, 4M, EV 100.6 MPH)
|
|
Batting: RHB Randy Filkins
|
0-0: Ground out 4-3 (Groundball, 4, EV 101.3 MPH)
|
|
Batting: SHB Jerry Lane
|
0-0: Ball 1-0: Swinging Strike 1-1: Swinging Strike 1-2: SINGLE (Groundball, 3D, EV 108.1 MPH)
|
|
Batting: LHB Doug Frobel
|
0-0: Called Strike 0-1: Ground out 4-3 (Groundball, 4, EV 88.8 MPH)
|
| Top of the 4th over - 0 runs, 1 hit, 0 errors, 1 left on base; Memphis 0 - Albuquerque 7 |
| BOTTOM OF THE 4TH |
|
Albuquerque Dukes batting - Pitching for Memphis Blues : RHP Mike Boddicker
|
|
Batting: RHB Aaron Cain
|
0-0: Ball 1-0: Swinging Strike 1-1: Ball 2-1: Called Strike 2-2: Foul Ball, location: 2F 2-2: Strikes out swinging, 2-3 out at first.
|
|
Batting: LHB Glenn Partridge
|
0-0: Foul Ball, location: 2F 0-1: Foul Ball, location: 2F 0-2: Strikes out swinging
|
|
Batting: SHB Howard Johnson
|
0-0: Ball 1-0: Called Strike 1-1: Ball 2-1: Ground out 6-3 (Groundball, 6S, EV 88.1 MPH)
|
| Bottom of the 4th over - 0 runs, 0 hits, 0 errors, 0 left on base; Memphis 0 - Albuquerque 7 |
| TOP OF THE 5TH |
|
Memphis Blues batting - Pitching for Albuquerque Dukes : RHP Rob Mendoza
|
|
Batting: LHB Don Jacoby
|
0-0: Called Strike 0-1: Ball 1-1: Foul Ball, location: 2F 1-2: Ball 2-2: Ball 3-2: Strikes out swinging
|
|
Batting: LHB David Christianson
|
0-0: Called Strike 0-1: Swinging Strike 0-2: Foul Ball, location: 2F 0-2: Strikes out looking
|
|
Batting: RHB Steve Liddle
|
0-0: Ball 1-0: Called Strike 1-1: Ball 2-1: Ground out 5-3 (Groundball, 56, EV 83.1 MPH)
|
| Top of the 5th over - 0 runs, 0 hits, 0 errors, 0 left on base; Memphis 0 - Albuquerque 7 |
| BOTTOM OF THE 5TH |
|
Albuquerque Dukes batting - Pitching for Memphis Blues : RHP Mike Boddicker
|
|
Batting: RHB Bill Schroeder
|
0-0: Called Strike 0-1: Foul Ball, location: 2F 0-2: Ball 1-2: Fly out, F4 (Popup, 4, EV 57.5 MPH)
|
|
Batting: LHB Sid Bream
|
0-0: Ball 1-0: Foul Ball, location: 2F 1-1: Called Strike 1-2: Ball 2-2: Ball 3-2: Foul Ball, location: 2F 3-2: Base on Balls
|
|
Batting: RHB John Hanley
|
0-0: Called Strike 0-1: Swinging Strike 0-2: Fielders Choice at 2nd, 1-6 (Groundball, 13S, EV 69.4 MPH)
|
|
Batting: LHB Joseph Lentsch
|
0-0: Called Strike 0-1: Ball 1-1: Ball 2-1: Ball 3-1: Swinging Strike 3-2: Strikes out swinging
|
| Bottom of the 5th over - 0 runs, 0 hits, 0 errors, 1 left on base; Memphis 0 - Albuquerque 7 |
| TOP OF THE 6TH |
|
Memphis Blues batting - Pitching for Albuquerque Dukes : RHP Rob Mendoza
|
|
Batting: RHB William Muth
|
0-0: Ball 1-0: Ball 2-0: Foul Ball, location: 2F 2-1: Foul Ball, location: 2F 2-2: Ball 3-2: Foul Ball, location: 2F 3-2: Base on Balls
|
|
Batting: LHB Mike Patterson
|
0-0: Fly out, F7 (Flyball, 78D, EV 96.9 MPH)
|
|
Batting: RHB Jim Pankovits
|
0-0: Swinging Strike 0-1: Fly out, F9 (Flyball, 9LS, EV 84.4 MPH)
|
|
Batting: RHB Randy Filkins
|
0-0: Ball 1-0: Called Strike 1-1: Swinging Strike 1-2: Ball 2-2: SINGLE (Flyball, 78S, EV 86.3 MPH) William Muth to second
|
|
Batting: SHB Jerry Lane
|
0-0: Foul Ball, location: 2F 0-1: Swinging Strike 0-2: Ground out 4-3 (Groundball, 4, EV 89.4 MPH)
|
| Top of the 6th over - 0 runs, 1 hit, 0 errors, 2 left on base; Memphis 0 - Albuquerque 7 |
| BOTTOM OF THE 6TH |
|
Albuquerque Dukes batting - Pitching for Memphis Blues : RHP Mike Boddicker
|
|
Batting: RHB Matthew Tyner
|
0-0: Called Strike 0-1: Ball 1-1: Ball 2-1: SINGLE (Groundball, 6D, EV 97.5 MPH)
|
|
Batting: LHB Andres Romero
|
0-0: Ball 1-0: Swinging Strike 1-1: Swinging Strike 1-2: Foul Ball, location: 2F 1-2: Ball 2-2: Ball 3-2: Base on Balls Matthew Tyner to second
|
|
Batting: RHB Aaron Cain
|
0-0: Ball 1-0: Foul Ball, location: 2F 1-1: Called Strike 1-2: Fly out, F8 (Flyball, 8RM, EV 81.3 MPH)
|
|
Batting: LHB Glenn Partridge
|
0-0: Ball 1-0: Ball 2-0: Swinging Strike 2-1: Swinging Strike 2-2: Foul Ball, location: 2F 2-2: Strikes out swinging
|
|
Batting: SHB Howard Johnson
|
0-0: Ball 1-0: Foul Ball, location: 2F 1-1: Foul Ball, location: 2F 1-2: Foul Ball, location: 2F 1-2: Strikes out swinging
|
| Bottom of the 6th over - 0 runs, 1 hit, 0 errors, 2 left on base; Memphis 0 - Albuquerque 7 |
| TOP OF THE 7TH |
|
Memphis Blues batting - Pitching for Albuquerque Dukes : RHP Rob Mendoza
|
|
Batting: LHB Doug Frobel
|
0-0: Swinging Strike 0-1: Ball 1-1: Foul Ball, location: 2F 1-2: Strikes out looking
|
|
Batting: LHB Don Jacoby
|
0-0: Swinging Strike 0-1: Foul Ball, location: 2F 0-2: Strikes out swinging
|
|
Batting: LHB David Christianson
|
0-0: Called Strike 0-1: Swinging Strike 0-2: Ball 1-2: Strikes out swinging
|
| Top of the 7th over - 0 runs, 0 hits, 0 errors, 0 left on base; Memphis 0 - Albuquerque 7 |
| BOTTOM OF THE 7TH |
|
Albuquerque Dukes batting - Pitching for Memphis Blues : RHP Mike Boddicker
|
|
Batting: RHB Bill Schroeder
|
0-0: Ball 1-0: Ground out 3-1 (Groundball, 34, EV 85.0 MPH)
|
|
Pinch Hitting: SHB Chad Corcoran
|
0-0: Swinging Strike 0-1: Called Strike 0-2: Ball 1-2: Ball 2-2: Strikes out swinging
|
|
Batting: RHB John Hanley
|
0-0: Ball 1-0: DOUBLE (Flyball, 9LD, EV 85.6 MPH)
|
|
Batting: LHB Joseph Lentsch
|
0-0: Fly out, F8 (Flyball, 8RD, EV 91.3 MPH)
|
| Bottom of the 7th over - 0 runs, 1 hit, 0 errors, 1 left on base; Memphis 0 - Albuquerque 7 |
| TOP OF THE 8TH |
|
Memphis Blues batting - Pitching for Albuquerque Dukes : RHP Rob Mendoza
|
|
Now in RF: Chad Corcoran
|
|
|
Batting: RHB Steve Liddle
|
0-0: Ground out 6-3 (Groundball, 6, EV 104.4 MPH)
|
|
Batting: RHB William Muth
|
0-0: Ball 1-0: Ball 2-0: Ball 3-0: Called Strike 3-1: Foul Ball, location: 2F 3-2: Strikes out looking
|
|
Batting: LHB Mike Patterson
|
0-0: Ball 1-0: Ball 2-0: Ball 3-0: Called Strike 3-1: Foul Ball, location: 2F 3-2: Base on Balls
|
|
Batting: RHB Jim Pankovits
|
0-0: Fly out, F4 (Popup, 4M, EV 77.5 MPH)
|
| Top of the 8th over - 0 runs, 0 hits, 0 errors, 1 left on base; Memphis 0 - Albuquerque 7 |
| BOTTOM OF THE 8TH |
|
Albuquerque Dukes batting - Pitching for Memphis Blues : RHP Mike Boddicker
|
|
Batting: RHB Matthew Tyner
|
0-0: Ball 1-0: Foul Ball, location: 2F 1-1: Ball 2-1: Ball 3-1: Base on Balls
|
|
Pitching: RHP Craig Mitchell
|
|
|
Batting: LHB Andres Romero
|
0-0: Ball 1-0: Foul Ball, location: 2F 1-1: Ball 2-1: Called Strike 2-2: 2-RUN HOME RUN (Flyball, 78XD, EV 106.3 MPH), Distance : 405 ft
|
|
Pinch Hitting: RHB Randy Law
|
0-0: Ground out 5-3 (Groundball, 56, EV 86.3 MPH)
|
|
Batting: LHB Glenn Partridge
|
0-0: Foul Ball, location: 2F 0-1: SINGLE (Line Drive, 5L, EV 105.0 MPH)
|
|
Batting: SHB Howard Johnson
|
0-0: Called Strike 0-1: Ball 1-1: Foul Ball, location: 2F 1-2: Ball 2-2: Ball 3-2: SINGLE (Line Drive, 9S, EV 103.8 MPH) Glenn Partridge to second
|
|
Batting: RHB Bill Schroeder
|
0-0: Ball 1-0: Ball 2-0: Foul Ball, location: 2F 2-1: Called Strike 2-2: Foul Ball, location: 2F 2-2: Ball 3-2: Strikes out swinging
|
|
Batting: SHB Chad Corcoran
|
0-0: Ball 1-0: Ball 2-0: Fly out, F8 (Flyball, 89S, EV 88.1 MPH)
|
| Bottom of the 8th over - 2 runs, 3 hits, 0 errors, 2 left on base; Memphis 0 - Albuquerque 9 |
| TOP OF THE 9TH |
|
Memphis Blues batting - Pitching for Albuquerque Dukes : RHP Rob Mendoza
|
|
Now at SS: Randy Law
|
|
|
Pinch Hitting: RHB Jeff Reynolds
|
0-0: Called Strike 0-1: Ball 1-1: Swinging Strike 1-2: Foul Ball, location: 2F 1-2: Ground out U3 (Groundball, 34S, EV 68.1 MPH)
|
|
Batting: SHB Jerry Lane
|
0-0: Fly out, F8 (Flyball, 78D, EV 93.1 MPH)
|
|
Batting: LHB Doug Frobel
|
0-0: Swinging Strike 0-1: Swinging Strike 0-2: Ball 1-2: Fly out, F9 (Flyball, 89M, EV 79.4 MPH)
|
| Top of the 9th over - 0 runs, 0 hits, 0 errors, 0 left on base; Memphis 0 - Albuquerque 9 |
|